 Dungeon Crawl Stone Soup version 0.22-a0-358-g7563fe7 (webtiles) character file.

49 grindst0ne the Skirmisher (level 3, -3/29 HPs)
             Began as a Mummy Fighter on Apr 18, 2018.
             Slain by a worm (4 damage)
             ... on level 2 of the Dungeon.
             The game lasted 00:01:47 (896 turns).

grindst0ne the Skirmisher (Mummy Fighter)            Turns: 896, Time: 00:01:48

Health: -3/29      AC:  6    Str: 20    XL:     3   Next: 51%
Magic:  3/3        EV:  7    Int:  7    God:
Gold:   65         SH:  9    Dex: 11    Spells: 2/2 levels left

rFire    x . .     SeeInvis .   a - +0 flail
rCold    + . .     Gourm    .   c - +0 shield
rNeg     + + +     Faith    .   b - +0 scale mail
rPois    ∞         Spirit   .   (no helmet)
rElec    .         Reflect  .   (no cloak)
rCorr    .         Harm     .   (no gloves)
MR       .....                  (no boots)
Stlth    ..........             (no amulet)
HPRegen  0.09/turn              (no ring)
MPRegen  0.08/turn              (no ring)

@: no status effects
A: no food or potions, fire vulnerability, cold resistance 1, negative energy
resistance 3, torment resistance, unbreathing
a: no special abilities


You were on level 2 of the Dungeon.
You were not hungry.

You visited 1 branch of the dungeon, and saw 2 of its levels.

You collected 65 gold pieces.

Inventory:

Hand Weapons
 a - a +0 flail (weapon)
Armour
 b - a +0 scale mail (worn)
 c - a +0 shield (worn)
Scrolls
 d - a scroll of amnesia {unknown}
 e - 2 scrolls of identify {unknown}
 f - a scroll of blinking {unknown}
 g - a scroll of noise {unknown}
 h - a scroll of fear {unknown}
 i - a scroll of magic mapping {unknown}
 j - a scroll of teleportation {unknown}


   Skills:
 + Level 3.5 Fighting
 + Level 2.2 Maces & Flails
 - Level 2.4 Armour
 + Level 3.0 Shields


You had 2 spell levels left.
You didn't know any spells.

Dungeon Overview and Level Annotations

Branches:
Dungeon (2/15)

Altars:


Innate Abilities, Weirdness & Mutations

You do not eat or drink.
Your flesh is vulnerable to fire.
You are immune to poison.
Your flesh is cold resistant. (rC+)
You are immune to negative energy. (rN+++)
You are immune to unholy pain and torment.
You can survive without breathing.


Message History

The ball python is moderately wounded.
The ball python bites you but does no damage.
The ball python constricts you.
You sock the ball python!
You kill the ball python!
The worm closely misses you.
You see here a ball python corpse.
You hit the worm.
The worm is moderately wounded.
The worm barely misses you.
You hit the worm.
The worm is heavily wounded.
The worm bites you.
* * * LOW HITPOINT WARNING * * *
You sock the worm!
The worm is severely wounded.
You hit the worm but do no damage.
The worm is severely wounded.
The worm bites you.
You die...

# ..####.#####.. .. .
###!.........# ..###.
#..........# .#...#
#..........# ...
.#####..........# ..
...............# #.
#........>.....#
#####.###.###..........#
#......@w...#..........#
#..#########.##.#######.#
#....### #†# ####...# #.#
#^#.# #.# #.#.## ##<#
....# #.#.(###..# #...#
#.##....... #...##
##.######...


You could see a worm.

Vanquished Creatures
  An adder (D:2)
  A worm (D:2)
  2 giant cockroaches (D:2)
  5 hobgoblins (D:1)
  2 jackals (D:1)
  A ball python (D:2)
  7 bats (D:1)
  2 frilled lizards (D:2)
  7 goblins (D:1)
  5 kobolds
  2 rats
35 creatures vanquished.

Notes
Turn   | Place    | Note
-------+----------+-------------------------------------------
     0 | D:1      | grindst0ne the Mummy Fighter began the quest for the Orb.
     0 | D:1      | Reached XP level 1. HP: 18/18 MP: 1/1
   158 | D:1      | Reached XP level 2. HP: 21/24 MP: 2/2
   652 | D:1      | Reached XP level 3. HP: 29/29 MP: 3/3
   894 | D:2      | HP: 1/29 [worm (2)]
   896 | D:2      | Slain by a worm

Vault maps used:
D:1:      dpeg_arrival_morbid_curiosity, minmay_split_cup_small
D:2:      lemuel_coloured_pillars_altar

Skill      XL: |  1  2  3 |
---------------+----------+-----
Maces & Flails | 2 |  2.2
Shields        | 3 |  3.0
Fighting       | |  3.5
Armour         | |  2.4

Action                   || total
-------------------------++-------
Melee: Flail             ||   110
Armor: Scale mail        ||    59
Dodge: Dodged            ||    53
Block: Shield            ||    64

Table legend:
 A = Spawn XP
 B = Non-spawn XP
 C = Spawn XP percentage of total XP
 D = Spawn monster count
 E = Non-spawn monster count
 F = Spawn count percentage of total count
 G = Total turns spent on level
                    A         B        C        D         E        F      G
               +---------+---------+-------+---------+---------+-------+---------
         Total |       0 |      70 |   0.0 |       0 |      35 |   0.0 |   896
               +---------+---------+-------+---------+---------+-------+---------
           D:1 |       0 |      41 |   0.0 |       0 |      25 |   0.0 |   711
           D:2 |       0 |      29 |   0.0 |       0 |      10 |   0.0 |   185
               +---------+---------+-------+---------+---------+-------+---------
